 Dungeon Crawl Stone Soup version 0.29-a0-911-g88e6f02907 (webtiles) character file.

Game seed: 3581370185177922069

798 leavemydog the Shield-Bearer (level 7, -2/60 HPs)
             Began as a Gnoll Fighter on July 25, 2022.
             Engulfed by a cloud of steam (7 damage)
             ... on level 5 of the Dungeon.
             The game lasted 00:07:56 (3961 turns).

leavemydog the Shield-Bearer (Gnoll Fighter)        Turns: 3961, Time: 00:07:56

Health: -2/60      AC: 16    Str: 18    XL:     7   Next: 90%
Magic:  11/11      EV: 10    Int:  7    God:
Gold:   201        SH:  5    Dex: 11    Spells: 11/11 levels left

rFire   . . .      SeeInvis .   a - +0 war axe
rCold   . . .      Faith    .   c - +0 buckler
rNeg    . . .      Spirit   .   b - +0 scale mail
rPois   .          Reflect  .   (no helmet)
rElec   .          Harm     .   (no cloak)
rCorr   .          Rampage  .   h - +2 pair of gloves
Will    .....                   m - +0 pair of boots
Stlth   +.........              (no amulet)
HPRegen 0.20/turn               k - +4 ring of protection
MPRegen 0.12/turn               (no ring)

@: no status effects
A: fangs 1, strong nose, distributed training
a: no special abilities


You were on level 5 of the Dungeon.
You visited 1 branch of the dungeon, and saw 5 of its levels.

You collected 201 gold pieces.

Inventory:

Hand Weapons
 a - a +0 war axe (weapon)
 i - a +2 short sword of venom
Missiles
 C - a throwing net (quivered)
Armour
 b - a +0 scale mail (worn)
 c - a +0 buckler (worn)
 h - a +2 pair of gloves (worn)
 m - a +0 pair of boots (worn)
Magical Staves
 p - a staff of earth
Jewellery
 k - a +4 ring of protection (left hand)
 r - a ring of fire
 u - a +6 ring of intelligence
Wands
 z - a wand of digging (4)
Scrolls
 e - 2 scrolls of fear
 g - a scroll of blinking {unknown}
 l - 2 scrolls of fog {unknown}
 n - a scroll of immolation {unknown}
 o - a scroll of brand weapon {unknown}
 s - a scroll of magic mapping {unknown}
 t - a scroll of enchant weapon {unknown}
 v - a scroll of teleportation {unknown}
 x - a scroll of noise {unknown}
 y - a scroll of silence {unknown}
Potions
 d - a potion of might
 f - 2 potions of curing
 j - a potion of berserk rage {unknown}
 q - 4 potions of mutation
 w - a potion of invisibility
 A - a potion of magic {unknown}
 B - 2 potions of heal wounds {unknown}


   Skills:
 + Level 7.2 Fighting
 + Level 2.9 Short Blades
 + Level 2.9 Long Blades
 + Level 5.4 Axes
 + Level 2.9 Maces & Flails
 + Level 2.9 Polearms
 + Level 2.9 Staves
 + Level 2.9 Ranged Weapons
 + Level 2.9 Throwing
 + Level 7.2 Armour
 + Level 2.9 Dodging
 + Level 2.9 Stealth
 + Level 7.2 Shields
 + Level 2.9 Unarmed Combat
 + Level 2.9 Spellcasting
 + Level 2.3 Conjurations
 + Level 2.3 Hexes
 + Level 2.3 Summonings
 + Level 2.3 Necromancy
 + Level 2.3 Translocations
 + Level 2.3 Transmutations
 + Level 2.3 Fire Magic
 + Level 2.3 Ice Magic
 + Level 2.3 Air Magic
 + Level 2.3 Earth Magic
 + Level 2.3 Poison Magic
 + Level 3.2 Invocations
 + Level 2.9 Evocations


You had 11 spell levels left.
You didn't know any spells.
Your spell library contained the following spells:

 Spells                   Type           Power      Damage    Failure   Level
 Foxfire                  Conj/Fire      16%        2x1d4     43%         1
 Conjure Flame            Conj/Fire      4%         6-21      80%         3
 Dazzling Flash           Conj/Hex       8%         N/A       80%         3
 Inner Flame              Hex/Fire       4%         N/A       80%         3
 Flame Wave               Conj/Fire      4%         2d5       99%         4
 Agony                    Necr           4%         N/A       100%        5
 Silence                  Hex/Air        2%         N/A       100%        5


Dungeon Overview and Level Annotations

Branches:
Dungeon (5/15)             Temple (0/1) D:5

Altars:


Innate Abilities, Weirdness & Mutations

You have very sharp teeth.
Your uncanny sense of smell can sniff out nearby items.
Your experience applies equally to all skills.


Message History

You are engulfed in a cloud of scalding steam.
The steam dragon bites you. You block the steam dragon's attack.
You closely miss the steam dragon.
The steam dragon is moderately wounded.
The steam dragon bites you but does no damage.
The steam dragon claws you but does no damage.
You slash the steam dragon!
The steam dragon is severely wounded.
You block the steam dragon's attack.
The steam dragon claws you but does no damage.
The steam dragon bites you but does no damage.
The steam dragon claws you.
You hit the steam dragon.
The steam dragon is severely wounded.
The steam dragon closely misses you.
The steam dragon claws you but does no damage.
You barely miss the steam dragon. Your bite misses the steam dragon.
The steam dragon is severely wounded.
The steam dragon bites you but does no damage.
The steam dragon closely misses you.
You barely miss the steam dragon.
The steam dragon is severely wounded.
The steam dragon breathes steam at you. The ball of steam hits you.
* * * LOW HITPOINT WARNING * * *
Okay, then.
You closely miss the steam dragon. Your bite misses the steam dragon.
The steam dragon is severely wounded.
You are engulfed in a cloud of scalding steam.
* * * LOW HITPOINT WARNING * * *
The steam dragon bites you.
* * * LOW HITPOINT WARNING * * *
The steam dragon claws you but does no damage.
The steam dragon breathes steam at you. The ball of steam hits you!
* * * LOW HITPOINT WARNING * * *
You slash the steam dragon!
You kill the steam dragon!
You are engulfed in a cloud of scalding steam.
You die...

####.#♣♣♣♣.♣♣♣#.......
.5......+..♣.♣...+.......
........+...♣.♣..+.......
#########♣♣♣.♣♣♣♣#.......
..## ♣..♣ ##....... #..#
♣..♣ #........ #..#
#''######.#### ######..#
#..#.####!# .......@#
#.##......# #######§#
#.##.######### #§#
#.............
#.######.#########
#........# ##########


There were no monsters in sight!

Vanquished Creatures
  Sigmund (D:4)
  A steam dragon (D:5)
  An orc warrior (D:3)
  2 necrophages (D:5)
  5 hounds
  A gnoll bouda (D:5)
  An iguana (D:4)
  Robin (D:2)
  3 adders
  5 gnolls
  A white imp (D:5)
  2 worms
  4 dart slugs
  7 orcs
  5 bats
  9 endoplasms
  2 giant cockroaches
  12 goblins
  9 hobgoblins
  8 jackals
  4 kobolds
  9 quokkas
  13 ball pythons
  6 frilled lizards
  4 rats
116 creatures vanquished.

Notes
Turn   | Place    | Note
-------+----------+-------------------------------------------
     0 | D:1      | leavemydog the Gnoll Fighter began the quest for the Orb.
     0 | D:1      | Reached XP level 1. HP: 23/23 MP: 1/1
   123 | D:1      | Reached XP level 2. HP: 26/29 MP: 2/2
   330 | D:1      | Reached XP level 3. HP: 19/35 MP: 3/3
   560 | D:1      | Reached skill level 1 in Invocations
   930 | D:2      | Reached skill level 1 in Short Blades
   930 | D:2      | Reached skill level 1 in Long Blades
   930 | D:2      | Reached skill level 1 in Maces & Flails
   930 | D:2      | Reached skill level 1 in Polearms
   930 | D:2      | Reached skill level 1 in Staves
   930 | D:2      | Reached skill level 1 in Ranged Weapons
   930 | D:2      | Reached skill level 1 in Throwing
   930 | D:2      | Reached skill level 1 in Dodging
   930 | D:2      | Reached skill level 1 in Stealth
   930 | D:2      | Reached skill level 1 in Unarmed Combat
   930 | D:2      | Reached skill level 1 in Spellcasting
   930 | D:2      | Reached skill level 1 in Evocations
  1010 | D:2      | Reached XP level 4. HP: 38/41 MP: 5/5
  1010 | D:2      | Noticed Robin
  1018 | D:2      | Killed Robin
  1183 | D:2      | Reached skill level 1 in Conjurations
  1183 | D:2      | Reached skill level 1 in Hexes
  1183 | D:2      | Reached skill level 1 in Summonings
  1183 | D:2      | Reached skill level 1 in Necromancy
  1183 | D:2      | Reached skill level 1 in Translocations
  1183 | D:2      | Reached skill level 1 in Transmutations
  1183 | D:2      | Reached skill level 1 in Fire Magic
  1183 | D:2      | Reached skill level 1 in Ice Magic
  1183 | D:2      | Reached skill level 1 in Air Magic
  1183 | D:2      | Reached skill level 1 in Earth Magic
  1183 | D:2      | Reached skill level 1 in Poison Magic
  1203 | D:2      | You fall into a shaft and drop 1 floor!
  1826 | D:3      | Reached XP level 5. HP: 47/47 MP: 7/7
  2307 | D:4      | Noticed an orc warrior
  2312 | D:4      | Noticed Sigmund
  2434 | D:3      | Killed an orc warrior
  2435 | D:3      | Reached skill level 5 in Axes
  2435 | D:3      | Reached XP level 6. HP: 19/53 MP: 7/9
  2773 | D:4      | Killed Sigmund
  2774 | D:4      | Reached XP level 7. HP: 34/60 MP: 10/10
  3127 | D:5      | Entered Level 5 of the Dungeon
  3510 | D:5      | Found a staircase to the Ecumenical Temple.
  3947 | D:5      | Noticed a steam dragon
  3961 | D:5      | Killed a steam dragon
  3961 | D:5      | Engulfed by a cloud of steam

Illustrated notes

Levels and vault maps discovered:
D:1:      dpeg_arrival_long_road, layout_basic
D:2:      layout_basic, uniq_robin
D:3:      layout_loops_ring, kennysheep_big_empty_room, grunt_ministairs_13
D:4:      layout_cave_pools, kennysheep_another_room, uniq_sigmund
D:5:      nicolae_cairo_tiling_large_dashed, layout_basic,
          minmay_temple_entry_grid, nicolae_ossuary_entry_catacombs,
          kennysheep_generic_room_3

Skill      XL: |  1  2  3  4  5  6  7 |
---------------+----------------------+-----
Invocations    | 1 2 3 |  3.2
Short Blades   | 1 2 |  2.9
Long Blades    | 1 2 |  2.9
Maces & Flails | 1 2 |  2.9
Polearms       | 1 2 |  2.9
Staves         | 1 2 |  2.9
Ranged Weapons | 1 2 |  2.9
Throwing       | 1 2 |  2.9
Dodging        | 1 2 |  2.9
Stealth        | 1 2 |  2.9
Unarmed Combat | 1 2 |  2.9
Spellcasting   | 1 2 |  2.9
Evocations     | 1 2 |  2.9
Conjurations   | 1 2 |  2.3
Hexes          | 1 2 |  2.3
Summonings     | 1 2 |  2.3
Necromancy     | 1 2 |  2.3
Translocations | 1 2 |  2.3
Transmutations | 1 2 |  2.3
Fire Magic     | 1 2 |  2.3
Ice Magic      | 1 2 |  2.3
Air Magic      | 1 2 |  2.3
Earth Magic    | 1 2 |  2.3
Poison Magic   | 1 2 |  2.3
Axes           | 5 |  5.4
Fighting       | 7 |  7.2
Armour         | 7 |  7.2
Shields        | 7 |  7.2

Action                   |  1- 3 |  4- 6 |  7- 9 || total
-------------------------+-------+-------+-------++-------
Melee: War axe           |    74 |   152 |    93 ||   319
       Bite              |     8 |     7 |     7 ||    22
  Use: Scroll            |       |     1 |     4 ||     5
       Potion            |       |     1 |       ||     1
Armor: Scale mail        |    40 |    92 |    64 ||   196
Dodge: Dodged            |    26 |    82 |    55 ||   163
Block: Buckler           |    26 |    53 |    40 ||   119

Table legend: (Time is in decaauts)
 A = Elapsed time spent in this place.
 B = Non-inter-level travel time spent in this place.
 C = Inter-level travel time spent in this place.
 D = Time resting spent in this place.
 E = Time spent auto-exploring this place.
 F = Levels seen in this place.
 G = Mean time per level.
                   A        B        C        D        E       F      G
               +--------+--------+--------+--------+--------+-----+--------+
         Total |   4054 |   3992 |     62 |    527 |   2566 |   5 |  810.8 |
       Dungeon |   4054 |   3992 |     62 |    527 |   2566 |   5 |  810.8 |
               +--------+--------+--------+--------+--------+-----+--------+

Top non-repeatable levels by time:
     D:3: 1181 daAuts
     D:4: 770 daAuts
     D:5: 740 daAuts
     D:1: 699 daAuts
     D:2: 661 daAuts
